 Dungeon Crawl Stone Soup version 0.20.1-1-g8b1a95d (webtiles) character file.

1225 letownia2 the Reanimator (level 8, 40/73 HPs)
             Began as a Deep Dwarf Necromancer on Dec 18, 2017.
             Quit the game in the Ecumenical Temple.
             The game lasted 00:10:34 (3425 turns).

letownia2 the Reanimator (Deep Dwarf Necromancer)   Turns: 3425, Time: 00:10:34

Health: 40/73      AC:  4    Str: 12    XL:     8   Next: 23%
Magic:  23/23      EV: 12    Int: 18    God:
Gold:   157        SH:  0    Dex: 13    Spells: 11/15 levels left

rFire    . . .     SeeInvis +   a - +0 short sword
rCold    . . .     Gourm    .   (no shield)
rNeg     . . .     Faith    .   w - +1 leather armour of Freedom {MP+9 Slay+6 SInv} (curse)
rPois    .         Spirit   .   (no helmet)
rElec    .         Reflect  .   B - scarf {repulsion}
rCorr    .         Harm     .   (no gloves)
MR       +....                  (no boots)
Stlth    ++........             (no amulet)
Regen    0.0/turn               (no ring)
MPRegen  0.2/turn               (no ring)

@: non-regenerating, repel missiles
A: damage resistance, heal wounds, sense surroundings 1, no regeneration
a: Heal Wounds


You were in the Ecumenical Temple.
You were not hungry.

You visited 2 branches of the dungeon, and saw 8 of its levels.

You collected 157 gold pieces.

Inventory:

Hand Weapons
 a - a +0 short sword (weapon)
 x - a +0 hand axe
Missiles
 p - 10 tomahawks (quivered)
Armour
 d - a +0 ring mail
 r - a cursed +0 leather armour
 w - the cursed +1 leather armour of Freedom (worn) {MP+9 Slay+6 SInv}
   (You found it on level 7 of the Dungeon)

   It affects your accuracy and damage with ranged weapons and melee attacks
   (+6).
   It affects your magic capacity (+9).
   It lets you see invisible.
   It has a curse placed upon it.
 B - a scarf of repulsion (worn)
Scrolls
 g - 3 scrolls of identify {unknown}
 h - a scroll of immolation {unknown}
 m - 3 scrolls of enchant armour {unknown}
 o - 5 scrolls of teleportation {unknown}
 q - a scroll of magic mapping {unknown}
 s - a scroll of amnesia {unknown}
 u - a scroll of remove curse {unknown}
 y - 2 scrolls of random uselessness {unknown}
Potions
 e - a potion of berserk rage {unknown}
 f - 3 potions of curing {unknown}
 i - a potion of degeneration {unknown}
 j - a potion of flight {unknown}
 l - a potion of experience {unknown}
 n - a potion of brilliance {unknown}
 z - a potion of magic {unknown}
 A - 2 potions of haste {unknown}
Books
 b - a book of Necromancy

   Spells                             Type                      Level
   a - Pain                           Necromancy                   1
   b - Animate Skeleton               Necromancy                   1
   c - Vampiric Draining              Necromancy                   3
   d - Regeneration                   Charms/Necromancy            3
   e - Animate Dead                   Necromancy                   4
   f - Control Undead                 Necromancy                   4
Comestibles
 c - 5 bread rations
 k - a royal jelly
 t - 5 fruits
 v - 10 chunks of flesh


   Skills:
 + Level 4.5 Fighting
 - Level 2.1 Dodging
 - Level 2.4 Stealth
 - Level 4.0 Spellcasting
 + Level 9.0 Necromancy


You had 11 spell levels left.
You knew the following spells:

 Your Spells              Type           Power        Failure   Level  Hunger
a - Pain                  Necr           ####         1%          1    None
v - Vampiric Draining     Necr           #####.....   1%          3    ###....


Dungeon Overview and Level Annotations

Branches:
Dungeon (7/15)             Temple (1/1) D:5

Altars:
Ashenzari
Cheibriados
Dithmenos
Fedhas
Hepliaklqana
Makhleb
Okawaru
Ru
Trog
Uskayaw
Vehumet
Yredelemnul
Zin

Annotations:
D:4 exclusion: ogre


Innate Abilities, Weirdness & Mutations

You are resistant to damage.
You can heal yourself by infusing magical energy.
You passively map a small area around you.
You do not regenerate.


Message History

Found a blossoming altar of Fedhas.
The jackal bites you but does no damage. x2
There is a basalt altar of Yredelemnul here.
The jackal barely misses you. The orc closely misses you.
The jackal barely misses you. The orc barely misses you.
The jackal closely misses you.
Found a radiant altar of Vehumet and a shattered altar of Ashenzari.
The jackal barely misses you.
The jackal bites you but does no damage.
The jackal barely misses you. The orc misses you.
Found a hide-covered altar of Uskayaw.
The jackal closely misses you.
You aren't carrying any pieces of jewellery.
Unknown command.
Wear which item? (? for menu, Esc to quit)
Okay, then.
Okay, then.
Okay, then.
Are you sure you want to abandon this character and quit the game? (Confirm with "yes".)

.......⌠........###
..................##
._..........._.....##
....................##
......._.............#
.....................##
._..........._........#
......................#
......._.....ooh@.._..#
......................#
._..........._........#
.....................##
......._.............#
....................##
._..........._.....##
..................##
.......<.......


You could see 2 orcs and a jackal.

Vanquished Creatures
  Prince Ribbit (D:7)
  Eustachio (D:4)
  An orc warrior (D:5)
  2 ogres
  A bullfrog (D:4)
  A scorpion (D:6)
  2 crimson imps
  A bullfrog zombie (D:5)
  4 orc priests
  2 orc wizards
  5 worker ants
  A howler monkey zombie (D:5)
  A howler monkey skeleton (D:4)
  5 adders
  An adder zombie (D:5)
  2 leopard geckos
  16 orcs
  A giant cockroach (D:1)
  3 goblins
  3 hobgoblins
  3 quokkas
  3 bats (D:1)
  2 frilled lizards
  2 kobolds (D:1)
  A rat (D:2)
65 creatures vanquished.

Notes
Turn   | Place    | Note
-------+----------+-------------------------------------------
     0 | D:1      | letownia2 the Deep Dwarf Necromancer began the quest for the Orb.
     0 | D:1      | Reached XP level 1. HP: 15/15 MP: 3/3
   201 | D:1      | Reached XP level 2. HP: 20/22 MP: 0/5
   512 | D:2      | Reached skill level 5 in Necromancy
   779 | D:4      | Noticed Eustachio
   909 | D:4      | Noticed a crimson imp
  1165 | D:4      | Killed Eustachio
  1165 | D:4      | Reached skill level 7 in Necromancy
  1165 | D:4      | Reached XP level 3. HP: 4/28 MP: 2/6
  1165 | D:4      | Reached XP level 4. HP: 5/36 MP: 2/7
  1165 | D:4      | Reached XP level 5. HP: 6/42 MP: 2/8
  1175 | D:4      | Learned a level 3 spell: Vampiric Draining
  1563 | D:4      | Noticed an ogre
  1867 | D:4      | Reached XP level 6. HP: 34/49 MP: 3/11
  2477 | D:5      | Entered Level 5 of the Dungeon
  2522 | D:4      | Reached skill level 1 in Fighting
  2599 | D:5      | Reached XP level 7. HP: 36/58 MP: 1/13
  2680 | D:5      | You fall through a shaft for 2 floors!
  2687 | D:7      | Got an ichor-stained leather armour
  2698 | D:7      | Identified the cursed +1 leather armour of Freedom {MP+9 Slay+6 SInv} (You found it on level 7 of the Dungeon)
  2755 | D:7      | Noticed Prince Ribbit
  2766 | D:7      | Killed Prince Ribbit
  2766 | D:7      | Reached skill level 8 in Necromancy
  3038 | D:5      | Reached XP level 8. HP: 51/72 MP: 1/14
  3346 | D:5      | Reached skill level 9 in Necromancy
  3388 | D:5      | Found a staircase to the Ecumenical Temple.
  3399 | Temple   | Entered the Ecumenical Temple
  3425 | Temple   | Quit the game

Skill      XL: |  1  2  3  4  5  6  7  8 |
---------------+-------------------------+-----
Spellcasting   | 2 3 4 |  4.0
Necromancy     | 7 8 9 |  9.0
Fighting       | 1 3 4 |  4.5
Dodging        | |  2.1
Stealth        | |  2.4

Action                   |  1- 3 |  4- 6 |  7- 9 || total
-------------------------+-------+-------+-------++-------
Melee: Short sword       |    39 |    23 |    61 ||   123
 Cast: Pain              |    45 |    17 |     4 ||    66
       Vampiric Draining |       |    20 |    33 ||    53
  Eat: Chunk             |       |     8 |     5 ||    13
Armor: Ring mail         |    26 |    10 |       ||    36
       Leather armour    |       |       |    24 ||    24
Dodge: Dodged            |    63 |    24 |    77 ||   164
